[Event "*** Titled Tuesday Blitz"]
[Site "Chess.com"]
[Date "2020.04.14"]
[Round "8"]
[White "TudorAnton"]
[Black "SlavenPastar"]
[Result "1-0"]
[WhiteElo "2593"]
[BlackElo "2420"]
[TimeControl "180+1"]
[EndTime "11:31:41 PDT"]
[Termination "TudorAnton won on time"]

1. d3 d5 2. f4 Nf6 3. Nf3 b6 4. g3 Bb7 5. Bg2 Nbd7 6. O-O e6 7. Nbd2 Bd6 8. Qe1 O-O 9. c3 e5 10. fxe5 Nxe5 11. Nxe5 Bxe5 12. e4 dxe4 13. Nxe4 Nxe4 14. Bxe4 Bxe4 15. Qxe4 Qd6 16. d4 Bf6 17. Bf4 Qd7 18.
Qb7 Rfc8 19. a4 a5 20. Rfe1 Rab8 21. Qf3 Re8 22. b3 Be7 23. Re4 Bd6 24. Bxd6 Qxd6 25. Rae1 Rxe4 26. Qxe4 Rf8 27. Re3 Qa3 28. c4 Qc1+ 29.
Kg2 Qb2+ 30. Kh3 g6 31. d5 Qf6 32. Qe5 Qf1+ 33. Kh4 h6 34. Qxc7 Qf6+ 35. Kh3 Qf1+ 36. Kh4 Qf2 37. Qe5 Qxh2+ 38. Kg4 Qg2 39. Re2 Qh1 40. Kf4 Qf1+ 41. Ke3 Qc1+ 42. Kd3 Qb1+ 43. Kc3 Qc1+ 44. Kd4 Qd1+ 45. Ke3 Qxb3+ 46. Kf2 Qxc4 47. Re3 Qc2+ 48. Kf3 Qc1 49. Kg2 Qd2+ 50. Re2 Qd1 51. Re1 Qd2+ 52. Re2 Qd1 53. Re4 Rd8 54. Rd4 Qc2+ 55. Kh3 Qc1 56. Kg2 Qc2+ 57. Kf3 Qc3+ 58. Kf2 Qc2+ 59. Ke3 Qc3+ 60. Ke2 Qc2+ 61. Rd2 Qc4+ 62.
Kf2 Qb3 63. d6 Qxa4 64. Kg2 Qd7 65. Qf4 Kg7 66. Qd4+ Kg8 67. Qxb6 Qc8 68. Qxa5 Qa8+ 69. Qxa8 Rxa8 70. Kf3 Rd8 71. Ke4 f6 72. Kd5 Kf7 73.
Rb2 Rd7 74. Rb8 f5 75. Rh8 Kf6 76. Rf8+ Kg5 77. Ke6 Ra7 78. d7 Ra6+ 79. Ke5 Ra5+ 80. Kd4 Ra4+ 81. Ke3 Ra3+ 82. Kf2 Ra2+ 83. Kg1 Ra1+ 84.
Kg2 Ra2+ 85. Kh3 Rd2 86. d8=Q+ 1-0

[Event "*** Titled Tuesday Blitz"]
[Site "Chess.com"]
[Date "2020.04.14"]
[Round "8"]
[White "kingandqueen2017"]
[Black "IljaJoke"]
[Result "0-1"]
[WhiteElo "2355"]
[BlackElo "2516"]
[TimeControl "180+1"]
[EndTime "11:31:42 PDT"]
[Termination "IljaJoke won by checkmate"]

1. d4 Nf6 2. c4 c5 3. d5 g6 4. Nc3 Bg7 5. e4 d6 6. Nf3 O-O 7. h3 e6 8. Bd3 Nbd7 9. O-O e5 10.
a3 h6 11. b4 Nh7 12. Re1 b6 13. Bd2 Ndf6 14. Rb1 Nh5 15. Qc1 Qf6 16. Ne2 Bxh3 17. Bxh6 Bg4 18. Nh2 Bc8 19. Be3 g5 20. g3 Nf4 21.
gxf4 gxf4 22. Nxf4 exf4 23. Bxf4 Bh3 24. e5 Qh4 25. Bg3 Qh5 26. exd6 Bd4 27. Bxh7+ Kxh7 28. Qf4 Rg8 29. Nf3 Rxg3+ 30. Qxg3 Rg8 31. Nxd4 cxd4 32. Re4 Rxg3+ 33. fxg3 Qf3 34. Rh4+ Kg7 35. Rxh3 Qe3+ 36. Kh2 Qe2+ 37. Kg1 Qe3+ 38. Kh2 Qf2+ 39. Kh1 Qf5 40. Rh4 Qxb1+ 41. Kg2 Qc2+ 42. Kg1 Qd1+ 43. Kg2 Qe2+ 44. Kg1 Qe3+ 45. Kh2 Qf2+ 46. Kh3 Qf5+ 47.
Kh2 d3 48. Rf4 Qd7 49. Rd4 Qxd6 50. Rxd3 Kf8 51. Kg2 Ke7 52. Kf3 Kd7 53. Ke4 Qg6+ 54. Kd4 Qf6+ 55. Ke3 Qe5+ 56. Kd2 f5 57. Kc2 Qe4 58.
Kc3 Kd6 59. a4 a5 60. bxa5 bxa5 61. Rd4 Qe5 62. Kd3 Kc5 63. Rf4 Qb2 64. d6 Kxd6 65. Rd4+ Kc6 66. Rd5 Qb1+ 67. Kd4 Qe4+ 68. Kc3 Qe3+ 69.
Rd3 Qe5+ 70. Kb3 Qe4 71. Rd5 Qf3+ 72. Kb2 Qxg3 73. Rxf5 Qh2+ 74. Kc1 Qg1+ 75. Kb2 Qd4+ 76. Ka3 Qc3+ 77. Ka2 Qc2+ 78. Ka3 Qxf5 79. Kb2 Kc5 80. Kc3 Qf3+ 81. Kd2 Kxc4 82. Kc2 Qg2+ 83. Kc1 Kc3 84. Kd1 Qd2# 0-1

[Event "*** Titled Tuesday Blitz"]
[Site "Chess.com"]
[Date "2020.04.14"]
[Round "8"]
[White "DIM90"]
[Black "MoreChessJulia"]
[Result "1/2-1/2"]
[WhiteElo "2235"]
[BlackElo "1755"]
[TimeControl "180+1"]
[EndTime "11:31:42 PDT"]
[Termination "Game drawn - timeout vs insufficient material"]

1. e4 c6 2. Nc3 d5 3. Nf3 d4 4. Ne2 f6 5. Nexd4 e5 6. Nb3 Be6 7. d4 Nd7 8. c4 Bb4+ 9. Bd2 a5 10. d5 Bf7 11. Bxb4 axb4 12. dxc6 bxc6 13. Qd6 Qb6 14. O-O-O O-O-O 15. c5 Qc7 16. Ba6+ Kb8 17. Na5 Qxd6 18.
Rxd6 Ne7 19. Rhd1 Kc7 20. Nb7 Bxa2 21. Nxd8 Rxd8 22. R1d3 Bf7 23. b3 Be8 24. Bc4 Nc8 25. Re6 Nxc5 26. Rxd8 Kxd8 27. Rxe8+ Kxe8 28. Nd2 Nd6 29. f3 Nxc4 30. bxc4 Nd3+ 31. Kc2 Ne1+ 32. Kb3 c5 33. g3 Kd7 34. f4 exf4 35. gxf4 Nd3 36.
f5 Kd6 37. Nf3 Ne5 38. Nh4 g5 39. fxg6 hxg6 40. Ng2 g5 41. Ne3 Nf3 42. h3 Ng1 43. Ng4 Nxh3 44. Nxf6 Nf2 45. Nd5 Nxe4 46. Ne3 Nf2 47.
Kc2 g4 48. Kd2 g3 49. Nf5+ Ke5 50. Nxg3 Kd4 51. Kc2 Kxc4 52. Nf5 Ne4 53. Ne3+ Kb5 54. Nf5 c4 55. Nd4+ Kc5 56. Ne6+ Kb6 57. Nf4 b3+ 58.
Kb2 Kb5 59. Nd5 Nc5 60. Nc3+ Kb4 61. Nd5+ Ka5 62. Kc3 Ne4+ 63. Kxc4 b2 64. Kd4 b1=Q 65. Ke5 Qd3 66. Ke6 Nc3 67. Ne7 Qe4+ 68. Kd6 Qh7 69. Nc6+ Kb6 70. Nd4 Qg6+ 71. Ne6 Ne4+ 72. Ke5 Nc5 73.
Nd4 1/2-1/2

[Event "*** Titled Tuesday Blitz"]
[Site "Chess.com"]
[Date "2020.04.14"]
[Round "8"]
[White "IljaZaragatski"]
[Black "VALPARAISO37"]
[Result "1-0"]
[WhiteElo "2535"]
[BlackElo "2374"]
[TimeControl "180+1"]
[EndTime "11:31:45 PDT"]
[Termination "IljaZaragatski won by checkmate"]

1. g3 e5 2. c4 g6 3. Bg2 Bg7 4. Nc3 d6 5. d3 Nc6 6. e3 Nge7 7. Nge2 h5 8. h4 a6 9. b3 Bg4 10. Bb2 O-O 11. Qd2 Qd7 12. Ne4 b5 13. Rc1 bxc4 14. dxc4 Rab8 15. N2c3 Nb4 16. O-O Bh3 17. a3 Bxg2 18. Kxg2 Nbc6 19. b4 Nf5 20. Nd5 Qd8 21. c5 dxc5 22. Rxc5 Nce7 23. Ndf6+ Kh8 24. Qxd8 Rbxd8 25.
Bxe5 Nd5 26. Rfc1 Nxf6 27. Bxf6 Bxf6 28. Nxf6 Rd2 29. Kf3 Kg7 30. Nxh5+ Kh6 31. Nf6 Ra2 32. R1c3 Kg7 33. Nd7 Re8 34. Rxc7 Ra1 35. Nc5 Nd6 36. Rd3 Nb5 37. Rb7 Rxa3 38. Rxa3 Nxa3 39. Nxa6 Nc2 40. b5 Na3 41. b6 Re6 42. Nc7 Rc6 43. Nd5 Nc4 44.
Rc7 Ne5+ 45. Ke4 Rc4+ 46. Rxc4 Nxc4 47. b7 Nd6+ 48. Ke5 Nxb7 49. g4 Nc5 50. f4 Nd3+ 51. Kd4 Nf2 52. g5 Ng4 53. Nf6 Nf2 54. h5 gxh5 55.
Nxh5+ Kg6 56. Ng3 Ng4 57. Ke4 Nf2+ 58. Kf3 Nd1 59. e4 Nc3 60. Kg4 Kg7 61. f5 Nb5 62. Kf4 Nd4 63. e5 Nc6 64. Nh5+ Kf8 65. Nf6 Ke7 66.
Nd5+ Kd8 67. f6 Ke8 68. Ne3 Nd4 69. Nc4 Ne6+ 70. Kf5 Nd4+ 71. Kg4 Ne6 72. Nd6+ Kf8 73. Kf5 Nd4+ 74. Ke4 Ne6 75. Kf5 Nd4+ 76. Kg4 Ne6 77. Nf5 Nd4 78. Nxd4 Kg8 79. e6 Kh7 80. exf7 Kg6 81.
f8=Q Kh7 82. Qg7# 1-0

[Event "*** Titled Tuesday Blitz"]
[Site "Chess.com"]
[Date "2020.04.14"]
[Round "8"]
[White "AustrianFalcon"]
[Black "BogdanDeac"]
[Result "0-1"]
[WhiteElo "2572"]
[BlackElo "2747"]
[TimeControl "180+1"]
[EndTime "11:31:46 PDT"]
[Termination "BogdanDeac won by checkmate"]

1. e4 c5 2. Nf3 d6 3. d4 cxd4 4. Nxd4 Nf6 5. Nc3 a6 6. h3 e5 7. Nb3 Be6 8. f4 g6 9. Be2 Nbd7 10. g4 exf4 11. Bxf4 Ne5 12. g5 Nfd7 13. Qd2 h6 14.
O-O-O hxg5 15. Bxg5 Qxg5 16. Qxg5 Bh6 17. h4 Bxg5+ 18. hxg5 Ke7 19. Nd4 Rac8 20. Kd2 b5 21.
a3 Nb6 22. Kc1 Nbc4 23. Bxc4 Nxc4 24. Rde1 Rxh1 25. Rxh1 Rc5 26. Rg1 Nxa3 27. Nd5+ Bxd5 28. exd5 Nc4 29. Nc6+ Kf8 30. Nb8 Nb6 31. Nxa6 Rxd5 32. Rd1 Rxg5 33. Rxd6 Nc4 34. Rd1 Rg2 35. b3 Ne3 36. Rd2 Rg1+ 37. Kb2 g5 38. Nc7 b4 39. Rd8+ Kg7 40. Ne8+ Kh7 41. Nf6+ Kg6 42. Nd5 Nxd5 43. Rxd5 Rg4 44. c4 bxc3+ 45. Kxc3 Re4 46. b4 g4 47. b5 f5 48. b6 Re8 49. Rb5 g3 50.
Kd3 g2 51. Rb1 f4 52. b7 f3 53. b8=Q Rxb8 54. Rxb8 f2 55. Rg8+ Kf5 56. Rxg2 f1=Q+ 57.
Re2 Kf4 58. Kd2 Qf3 59. Re1 Qd5+ 60. Ke2 Qc4+ 61. Kd2 Qd4+ 62. Ke2 Qe3+ 63. Kd1 Qd3+ 64. Kc1 Qc3+ 65. Kd1 Kf3 66. Rf1+ Kg3 67. Re1 Qd3+ 68.
Kc1 Kf3 69. Rd1 Qc3+ 70. Kb1 Ke3 71. Rc1 Qb3+ 72. Ka1 Kd3 73. Rc8 Qa3+ 74. Kb1 Qb4+ 75. Ka1 Qa5+ 76. Kb2 Qb6+ 77. Kc1 Qg1+ 78. Kb2 Qb6+ 79.
Kc1 Qh6+ 80. Kb2 Qg7+ 81. Kc1 Qa1# 0-1

[Event "*** Titled Tuesday Blitz"]
[Site "Chess.com"]
[Date "2020.04.14"]
[Round "8"]
[White "DanielDardha2005"]
[Black "varacalli"]
[Result "1-0"]
[WhiteElo "2577"]
[BlackElo "2389"]
[TimeControl "180+1"]
[EndTime "11:31:49 PDT"]
[Termination "DanielDardha2005 won by checkmate"]

1. e4 e5 2. Nc3 Nc6 3. g3 Nf6 4. Bg2 Bc5 5. Nge2 d6 6. d3 a6 7.
O-O h5 8. Bg5 Be6 9. Nd5 Bxd5 10. exd5 Ne7 11. h4 Qd7 12. c4 Ng4 13. d4 exd4 14.
Nxd4 O-O-O 15. b4 Bxd4 16. Qxd4 f6 17. Qa7 Qf5 18. Rae1 Kd7 19. Be4 Qe5 20. Bf4 Qc3 21. Qxb7 Rb8 22. Qxa6 Qxb4 23. Rb1 Rb6 24. Qxb6 Qxb6 25.
Rxb6 cxb6 26. Rb1 Kc7 27. Rb2 Ra8 28. f3 Ne5 29. Bxe5 fxe5 30. Kf2 Ra3 31. g4 hxg4 32.
fxg4 Ng8 33. Kg2 Rc3 34. Rc2 Re3 35. Bf5 Nf6 36. g5 Nh5 37. Bg4 Nf4+ 38. Kh2 g6 39. a4 Ra3 40. Bd1 Rh3+ 41. Kg1 Rxh4 42. a5 bxa5 43. c5 dxc5 44. Rxc5+ Kd6 45. Rxa5 Rh3 46.
Kf2 Rd3 47. Bf3 Nxd5 48. Ra6+ Kc5 49. Rxg6 Nf4 50. Rc6+ Kd4 51. Rd6+ Kc5 52. Rc6+ Kd4 53. g6 e4 54. Rd6+ Nd5 55. Bxe4 Kxe4 56. g7 Rf3+ 57. Kg2 Ne3+ 58. Kh2 Rf2+ 59. Kh3 Rf3+ 60. Kh4 Rf1 61. Re6+ Kd3 62. Rd6+ Ke2 63. Rg6 Rh1+ 64. Kg5 Nd5 65.
g8=Q Rg1+ 66. Kh6 Rxg6+ 67. Qxg6 Ne3 68. Qe4 Kd2 69. Kg5 Nc2 70. Kf4 Kc3 71. Qf3+ Kc4 72. Ke5 Nb4 73. Qe4+ Kc5 74. Qe3+ Kc4 75. Qd4+ Kb3 76.
Qd7 Nc2 77. Ke4 Nb4 78. Qb5 Kc3 79. Qc5+ Kb3 80. Kd4 Nc2+ 81. Kd3 Nb4+ 82. Kd2 Na2 83. Qb5+ Nb4 84. Qc5 Na2 85. Qc2+ Ka3 86. Qb1 Nb4 87. Kc3 Na2+ 88. Kc4 Ka4 89. Qxa2# 1-0

[Event "*** Titled Tuesday Blitz"]
[Site "Chess.com"]
[Date "2020.04.14"]
[Round "8"]
[White "Alex_Molchanov"]
[Black "BasilSmash"]
[Result "0-1"]
[WhiteElo "2527"]
[BlackElo "2409"]
[TimeControl "180+1"]
[EndTime "11:31:55 PDT"]
[Termination "BasilSmash won by resignation"]

1. d4 d5 2. c4 e6 3. Nc3 Nf6 4. cxd5 exd5 5. Bg5 Be7 6. e3 O-O 7. Bd3 Re8 8. Nge2 c6 9. Qc2 Nbd7 10. O-O g6 11. Rae1 Nf8 12. f3 Ne6 13. Bh4 b5 14. Bf2 Bb7 15. Kh1 Rc8 16. Qd1 a6 17. e4 dxe4 18. fxe4 b4 19. Na4 Ng4 20. Bg1 c5 21. d5 Ng7 22. b3 Ne5 23. Nb2 Bd6 24.
Nc4 Nxc4 25. Bxc4 Rc7 26. Nf4 Bc8 27. Nd3 Qg5 28. Qf3 Bg4 29. Qf2 Nh5 30. e5 Bxe5 31.
Nxe5 Rxe5 32. Rxe5 Qxe5 33. Re1 Qf6 34. Qxf6 Nxf6 35.
d6 Rc6 36. Rd1 Nd7 37. Rd2 Be6 38. h3 Bxc4 39. bxc4 f6 40. Bh2 Kf7 41. Re2 Ne5 42. Bxe5 fxe5 43. Rxe5 Rxd6 44. Rxc5 Rd2 45. Ra5 Rc2 46.
Rxa6 Rxc4 47. Rb6 Rc2 48. Rxb4 Rxa2 49. Rb7+ Kg8 50. Kh2 Rf2 51. Kg3 Rf7 52. Rb6 Kg7 53. Kh4 h6 54. g4 Ra7 55. Rc6 Rb7 56. Ra6 Rc7 57. Ra3 Rb7 58. Rf3 Ra7 59. Kg3 Rb7 60. Re3 Rf7 61. Rd3 g5 62. Rd6 Rf6 63. Rd5 Kg6 64.
Ra5 Rb6 65. Ra3 Rf6 66. Re3 Rf7 67. Re6+ Rf6 68. Re8 Rf7 69. Rg8+ Kh7 70. Ra8 Kg6 71. h4 gxh4+ 72. Kxh4 Rf1 73. Ra7 Rh1+ 74. Kg3 Rg1+ 75. Kf3 Rf1+ 76. Ke4 Re1+ 77. Kf4 Rf1+ 78. Kg3 Rg1+ 79.
Kf3 Rb1 80. Ra6+ Kg5 81. Ra5+ Kg6 82. Kg3 Rc1 83. Kh4 Rh1+ 84. Kg3 Rg1+ 85. Kf3 Rb1 86.
Ra6+ Kg5 87. Ra3 Rb5 88. Ra5 Rxa5 0-1

[Event "*** Titled Tuesday Blitz"]
[Site "Chess.com"]
[Date "2020.04.14"]
[Round "8"]
[White "SCIM"]
[Black "kingnb"]
[Result "1-0"]
[WhiteElo "2598"]
[BlackElo "2426"]
[TimeControl "180+1"]
[EndTime "11:31:58 PDT"]
[Termination "SCIM won by checkmate"]

1. d4 d6 2. Nf3 Nf6 3. g3 g6 4.
Bg2 Bg7 5. O-O O-O 6. c4 c6 7.
Nc3 Qa5 8. e4 Be6 9. d5 cxd5 10.
exd5 Bd7 11. Re1 e5 12. dxe6 Bxe6 13. Nd4 Bg4 14. Qa4 Qb6 15. Be3 Bd7 16. Ndb5 Qd8 17.
Qd1 Bc6 18. Qxd6 Qc8 19. Nd5 Nxd5 20. Bxd5 Rd8 21. Qc7 Bxd5 22. Qxc8 Rxc8 23. cxd5 a6 24. Nd6 Rd8 25. Nxb7 Rxd5 26. Rad1 Rxd1 27. Rxd1 Nc6 28. b3 a5 29. Rd6 Ne5 30. Nxa5 Rxa5 31. Rd8+ Bf8 32.
Bh6 Nd7 33. a4 Rh5 34. Bxf8 Nxf8 35. b4 Kg7 36. b5 Ne6 37. Rc8 Rc5 38. Rxc5 Nxc5 39.
a5 Kf8 40. a6 Nd7 41. Kg2 Nb6 42. Kf3 Ke7 43. Kf4 f6 44. g4 Kd6 45. h4 h6 46.
a7 Kc5 47. h5 gxh5 48. gxh5 Kxb5 49. Kf5 Ka6 50. Kxf6 Kxa7 51. Kg6 Kb7 52. Kxh6 Kc7 53.
Kg7 Nd5 54. h6 Nf4 55. h7 Ne6+ 56. Kf6 Nf8 57. h8=Q Nd7+ 58. Kf5 Nc5 59. Qh7+ Kc6 60. Qh1+ Kd6 61. Qc1 Nd7 62. Qd1+ Ke7 63. Kg4 Ne5+ 64.
Kg3 Nf7 65. Qe1+ Kf6 66. Qe2 Kf5 67. Qf3+ Kg6 68. Qd3+ Kg5 69. Qe3+ Kf5 70. Qd3+ Kg5 71. Qa3 Ne5 72. f4+ Kf5 73. fxe5 Kxe5 74. Qa4 Ke6 75.
Qf4 Kd5 76. Qg4 Ke5 77. Qh4 Kf5 78. Qh3+ Ke5 79. Kh2 Kf4 80. Kg1 Ke4 81. Qh4+ Ke5 82. Kf2 Kf5 83. Kf3 Ke5 84. Qe4+ Kd6 85. Qf5 Kc6 86.
Ke4 Kd6 87. Qd5+ Ke7 88. Qc6 Kf7 89. Kf5 Kg7 90. Qg6+ Kf8 91. Qh7 Ke8 92. Ke6 Kd8 93. Qd7# 1-0

[Event "*** Titled Tuesday Blitz"]
[Site "Chess.com"]
[Date "2020.04.14"]
[Round "8"]
[White "Torrentec"]
[Black "jerry_77"]
[Result "0-1"]
[WhiteElo "2301"]
[BlackElo "2464"]
[TimeControl "180+1"]
[EndTime "11:31:58 PDT"]
[Termination "jerry_77 won by resignation"]

1. e4 c6 2. d4 d5 3. Nc3 dxe4 4. Nxe4 Nf6 5. Nxf6+ exf6 6. Bc4 Bd6 7. Nf3 O-O 8. O-O Na6 9. Bxa6 bxa6 10. h3 Re8 11. Be3 Be6 12. Re1 a5 13. Qd3 a4 14.
c4 g6 15. Rad1 Rb8 16. Re2 Qa5 17. b3 axb3 18. axb3 Bf5 19. Qd2 Qxd2 20. Nxd2 Bb4 21. Ra1 Bc3 22. Rxa7 Bd3 23. Re1 Bxd4 24. Rd7 Bxe3 25.
Rxe3 Rxe3 26. fxe3 Bc2 27. Rc7 Rd8 28. Nf3 Rd1+ 29. Kf2 Bxb3 30. Rxc6 Rc1 31. c5 Rc2+ 32. Kg3 Bd5 33. Rxf6 Rxc5 34. Rd6 Kg7 35. Nd4 Ra5 36.
Kf4 Bxg2 37. h4 Bh3 38. Kg3 Bf1 39. Rd7 Bc4 40. Rc7 Bd5 41. Rd7 h6 42. Kf4 Kf6 43.
e4 Bc4 44. Rc7 Ra4 45. e5+ Kg7 46. Ke3 Kg8 47. Rc8+ Kg7 48. Rc7 Kf8 49. Rc8+ Ke7 50. Rh8 Ra3+ 51. Ke4 Bd3+ 52. Kf4 Ra4 53. Ke3 Bc4 54.
Rxh6 Bd5 55. Rh8 Ra3+ 56. Kd2 Rh3 57. Rb8 Rxh4 58. Ke3 Rh3+ 59. Kf4 Rd3 60. Nb5 Bc6 61. Na7 Bd7 62. Rb7 Rd4+ 63. Ke3 Rd1 64. Nc6+ Ke6 65. Nd4+ Ke7 66. Nc6+ Kf8 67. Rc7 Bxc6 68. Rxc6 Re1+ 69. Kf4 Kg7 70. Rb6 Rf1+ 71. Ke4 g5 72. Rb3 Kg6 73. Rb6+ Kh5 74. Rb7 g4 75. Rb8 g3 76.
Rh8+ Kg4 77. Rg8+ Kh3 78. Rh8+ Kg2 79. Ke3 Kg1 80. Ke2 g2 81. Rg8 Rf5 82. Ke3 Rxe5+ 83. Kf3 Rf5+ 84. Ke4 Rf6 85. Rg3 Rg6 86. Rf3 Kh2 87. Rf2 Kh1 88. Rxf7 g1=Q 89. Rh7+ Qh2 90. Rxh2+ Kxh2 91. Kf5 Rg3 0-1

[Event "*** Titled Tuesday Blitz"]
[Site "Chess.com"]
[Date "2020.04.14"]
[Round "8"]
[White "Atanejhad"]
[Black "Xeniya2005"]
[Result "1/2-1/2"]
[WhiteElo "2541"]
[BlackElo "2224"]
[TimeControl "180+1"]
[EndTime "11:32:05 PDT"]
[Termination "Game drawn by repetition"]

1. e4 c5 2. Nf3 Nc6 3. d4 cxd4 4.
Nxd4 Nf6 5. Nc3 e6 6. a3 Bc5 7. Nb3 Bb6 8. Be2 O-O 9. O-O a6 10. Bg5 h6 11. Bh4 d6 12. Kh1 Bc7 13. f4 Qe7 14. Qe1 a5 15. Bd3 a4 16. Nd2 b6 17.
Nf3 Qd7 18. Bxf6 gxf6 19. Qg3+ Kh7 20. Qh4 Bd8 21. f5 Ne5 22. Rad1 Qe7 23. Nxe5 dxe5 24. Rf3 Rg8 25. Rh3 Qf8 26. Bc4 Qg7 27. Rg3 Qf8 28. Rh3 Qg7 29. Rd2 exf5 30. Rg3 Qf8 31. Rxg8 Qxg8 32.
Nd5 Qg7 33. Rd3 f4 34. Bb5 f5 35. Qe1 f6 36. exf5 Bxf5 37. Rc3 Rc8 38. Bd3 Bxd3 39.
Rxc8 Qd7 40. Rxd8 Qxd8 41. Nxf6+ Qxf6 42. cxd3 Qg6 43. Qc3 Qd6 44. h3 Kg6 45. Qc4 Qd4 46. Qg8+ Kf6 47. Qf8+ Kg6 48. Qg8+ Kf6 49. Qh8+ Kg6 50.
Qe8+ Kf6 51. Qb5 Kg6 52. Qc6+ Kg5 53. Qf3 Kg6 54. Qg4+ Kf6 55. Qe2 Kg6 56. Qc2 Kf6 57.
Kh2 Kg6 58. h4 Qe3 59. Qc6+ Kh5 60. Qe8+ Kxh4 61. Qe7+ Kh5 62. Qf7+ Kg5 63. Qg7+ Kh5 64.
Qf7+ Kg5 65. Qg8+ Kh5 66. Qd5 Qg3+ 67. Kh1 Qe1+ 68. Kh2 Qg3+ 69. Kg1 Qe1+ 70. Kh2 Kh4 71. Qd8+ Kh5 72. Qe8+ Kg5 73. Qg8+ Kh5 74. Qf7+ Kg5 75.
Qe7+ Kh5 76. Qe8+ Kg5 77. Qg8+ Kh5 78. Qf7+ Kg5 79. Qd5 Qg3+ 80. Kh1 Qe1+ 81. Kh2 Qg3+ 82. Kg1 Qe1+ 83. Kh2 1/2-1/2

[Event "*** Titled Tuesday Blitz"]
[Site "Chess.com"]
[Date "2020.04.14"]
[Round "8"]
[White "Chesswizard_2007"]
[Black "elohunter1999"]
[Result "1-0"]
[WhiteElo "2619"]
[BlackElo "2477"]
[TimeControl "180+1"]
[EndTime "11:32:11 PDT"]
[Termination "Chesswizard_2007 won on time"]

1. d4 Nf6 2. c4 g6 3. f3 d5 4.
cxd5 Nxd5 5. e4 Nb6 6. Nc3 Bg7 7.
Be3 O-O 8. Qd2 Nc6 9. O-O-O Qd6 10. Nb5 Qd7 11. Kb1 Rd8 12. d5 a6 13. Nc3 Qe8 14.
Qc1 Na5 15. Bh6 Bxh6 16. Qxh6 e6 17. h4 exd5 18. h5 Qf8 19. hxg6 Qxh6 20. Rxh6 hxg6 21. exd5 c6 22. b4 Nac4 23. Bxc4 Nxc4 24. Nge2 Bf5+ 25. Kc1 cxd5 26. Rxd5 Rxd5 27. Nxd5 Kg7 28. Rh4 b5 29. Nd4 Rd8 30. Nxf5+ gxf5 31. Nc3 Rd3 32. Ne2 Rd2 33. Ng3 Rxg2 34. Nxf5+ Kf6 35. Nd4 Rxa2 36. f4 Rf2 37.
Rh6+ Ke7 38. Rxa6 Rxf4 39. Nxb5 Ne5 40. Nc3 Nd3+ 41. Kd2 Nxb4 42. Rb6 Rd4+ 43. Ke3 Nc2+ 44. Ke2 Kf8 45. Rb2 Na3 46. Ra2 Nc4 47. Ra4 f5 48. Nb5 Re4+ 49. Kf2 Ke7 50. Nc3 Rf4+ 51. Kg3 Rg4+ 52.
Kf2 Kf6 53. Ra6+ Kg5 54. Ra8 Nd6 55. Ne2 Ne4+ 56. Ke3 Rh4 57. Rg8+ Kf6 58. Rf8+ Ke6 59. Nf4+ Ke5 60. Ng6+ Ke6 61. Nxh4 Nf6 62. Ra8 Nd5+ 63. Kf3 Nf6 64. Ng2 Ne4 65. Nf4+ Ke5 66. Ra5+ Kf6 67. Nd3 Ng5+ 68. Ke2 Ne4 69. Nf2 Nc3+ 70. Kf3 Kg5 71. Nh3+ Kf6 72. Ng1 Ne4 73. Ne2 Ng5+ 74. Ke3 Ne4 75. Nd4 Ng3 76. Kf3 Nh5 77. Rxf5+ Kg6 78. Ra5 Nf6 79. Kf4 Nh5+ 80. Ke5 Kg5 81. Nf5 Nf4 82. Ke4 Ng6 83. Ne3+ Kh4 84. Kf5 Ne7+ 85. Kf4 Ng6+ 86. Kf3 1-0

[Event "*** Titled Tuesday Blitz"]
[Site "Chess.com"]
[Date "2020.04.14"]
[Round "8"]
[White "NM2019"]
[Black "TreinadorBR"]
[Result "0-1"]
[WhiteElo "2027"]
[BlackElo "2354"]
[TimeControl "180+1"]
[EndTime "11:32:11 PDT"]
[Termination "TreinadorBR won on time"]

1. e4 c5 2. c3 Nf6 3. e5 Nd5 4. d4 cxd4 5. cxd4 Nc6 6. Nf3 d6 7. Bc4 e6 8. O-O dxe5 9. dxe5 Be7 10. Nc3 Nxc3 11. bxc3 Qxd1 12. Rxd1 O-O 13. Rb1 Rd8 14. Rxd8+ Bxd8 15. Ba3 Be7 16. Bxe7 Nxe7 17. Rd1 Nc6 18.
Bb5 Kf8 19. Rd6 Ke7 20. Bxc6 bxc6 21. Rxc6 Rb8 22. Kf1 Rb1+ 23. Ke2 Kd7 24. Rd6+ Kc7 25. Ke3 h6 26. h4 Rc1 27. Kd2 Ra1 28. Nd4 Rxa2+ 29. Ke3 Bd7 30. c4 Ra3+ 31. Kd2 Ra2+ 32. Ke3 a5 33. c5 a4 34. c6 Bc8 35. Nb5+ Kb6 36. Nd4 Ra3+ 37. Kd2 Ra2+ 38. Ke3 a3 39. Rd8 Kc7 40. Rf8 f6 41. exf6 gxf6 42. Nb5+ Kxc6 43. Na7+ Kd5 44. Rxc8 Ra1 45. Nb5 a2 46.
Kf3 e5 47. Ra8 Kc4 48. Nd6+ Kb3 49. Rb8+ Kc3 50. Ne4+ Kd4 51. Ra8 f5 52. Nd6 e4+ 53. Kg3 Ke5 54. Nf7+ Kf6 55. Nxh6 f4+ 56. Kxf4 e3 57.
Kg3 exf2 58. Ng4+ Kg6 59. Nxf2 Kh5 60. Nh3 Kg6 61. Ra5 Kh6 62. Nf4 Kh7 63. h5 Kh6 64. Ra6+ Kh7 65. Kh2 Rc1 66. Rxa2 Rc4 67. g3 Kh6 68.
Kh3 Kh7 69. Ra6 Rc5 70. Kh4 Rb5 71. g4 Rc5 72. g5 Rc4 73. Kg4 Rb4 74. Ra7+ Kg8 75.
g6 Rb5 76. h6 Rb8 77. Rb7 Rxb7 78. Kg5 Rb5+ 79. Kf6 Rb6+ 80. Ne6 Kh8 81. g7+ Kh7 0-1

[Event "*** Titled Tuesday Blitz"]
[Site "Chess.com"]
[Date "2020.04.14"]
[Round "8"]
[White "albano87"]
[Black "Kimster98"]
[Result "1/2-1/2"]
[WhiteElo "2220"]
[BlackElo "2545"]
[TimeControl "180+1"]
[EndTime "11:32:21 PDT"]
[Termination "Game drawn by agreement"]

1. d4 Nf6 2. Nf3 b6 3. g3 Bb7 4.
Bg2 g6 5. O-O Bg7 6. a4 a5 7.
Re1 e6 8. Nc3 Ne4 9. Qd3 Nxc3 10. Qxc3 d6 11. e4 Nd7 12. Bg5 f6 13. Be3 O-O 14. Nd2 e5 15. Qd3 Ba6 16. Qb3+ Kh8 17. c3 Qe7 18. Rad1 Bb7 19. Nc4 Qf7 20. Nd2 Qxb3 21.
Nxb3 Bc6 22. Ra1 Rae8 23. Nd2 Kg8 24. b4 Ra8 25. b5 Bb7 26. f4 f5 27. exf5 Bxg2 28.
Kxg2 Rxf5 29. Nc4 Re8 30. dxe5 dxe5 31. fxe5 Nxe5 32. Bf4 Kf7 33. Nxe5+ Bxe5 34. Bxe5 Rexe5 35. Rxe5 Rxe5 36. Rd1 Ke7 37. Rd4 Re2+ 38. Kh3 Rc2 39. Rc4 Kd6 40. g4 Rd2 41. Kg3 Rd5 42. Kf4 h6 43. h4 g5+ 44. hxg5 hxg5+ 45. Ke4 Re5+ 46.
Kd4 Rd5+ 47. Ke4 Re5+ 48. Kd4 Re1 49. Rc6+ Kd7 50. Rg6 Ra1 51. Rxg5 Rxa4+ 52. Kd5 Ra3 53. Rg7+ Kc8 54. c4 Kb7 55. c5 bxc5 56. Kxc5 Rc3+ 57. Kd4 Rb3 58. Kc5 a4 59. Rg6 a3 60. Ra6 Rg3 61. Ra4 Rc3+ 62. Kb4 Rg3 63. Ka5 Ka7 64. Kb4+ Kb6 65. Ra6+ Kb7 66. Rxa3 Rxg4+ 67. Ka5 Rg1 68. Ra2 Rb1 69. Ra3 Rb2 70. Ra4 Rb3 71. Ra1 Rb2 72. Ra3 c6 73. bxc6+ Kxc6 74. Rc3+ Kd5 75. Rc7 Kd4 76.
Rc8 Rb1 77. Rc7 Kd5 78. Rc8 Kd6 79. Rc2 Rb3 80. Rc4 Rb2 81. Rc1 Rb8 82. Rc2 Rb1 83.
Rc3 Ra1+ 84. Kb4 Kd5 85. Rd3+ Ke4 86. Rd8 Rc1 87. Kb3 Rc7 1/2-1/2

[Event "*** Titled Tuesday Blitz"]
[Site "Chess.com"]
[Date "2020.04.14"]
[Round "8"]
[White "JacekDubiel"]
[Black "WhiteKnight2612"]
[Result "0-1"]
[WhiteElo "2430"]
[BlackElo "2687"]
[TimeControl "180+1"]
[EndTime "11:32:22 PDT"]
[Termination "WhiteKnight2612 won on time"]

1. e4 a6 2. d4 e6 3. Bd3 c5 4. Nf3 b5 5. c3 Bb7 6. O-O Nf6 7. Re1 Be7 8. e5 Nd5 9. dxc5 Bxc5 10. Nbd2 f5 11.
exf6 Nxf6 12. Ne4 Nxe4 13. Bxe4 Bxe4 14. Rxe4 O-O 15. Be3 Bxe3 16. Rxe3 Nc6 17. Qd6 Rf7 18. Rd1 Qf6 19. Re2 Raf8 20. h3 Qg6 21. Kh2 Rxf3 22. gxf3 Rf7 23. Rg1 Qf6 24. Rg3 h5 25. Re4 h4 26.
Rg2 Qh6 27. Reg4 Qf6 28. f4 Kh7 29. Qd3+ Kg8 30. Qg6 Qxg6 31. Rxg6 Ne7 32. R6g4 Nf5 33. Rg1 d5 34. Re1 Rf6 35. Re5 Kf7 36. Rg1 Nd6 37.
Reg5 Nf5 38. Kg2 g6 39. Kf3 Nd6 40. Re1 Nf5 41. Reg1 Kg7 42. Re1 Kh6 43. Rg4 Kg7 44. Re5 Kf7 45. Rg5 Kg7 46. Rg4 Kf7 47. Rg5 Ke7 48.
Rg4 Kd6 49. Rg5 a5 50. Rg4 Kc6 51. Rg1 Kd7 52. Rge1 Nd6 53. Rg1 Nc4 54. Re2 e5 55. Rg4 e4+ 56. Kg2 Nd6 57. Rxh4 Nf5 58. Rg4 Kc6 59.
h4 Nh6 60. Rg5 Nf7 61. Rg4 Nd6 62. Kh3 Kc5 63. Re1 Kc4 64. Rd1 Kc5 65. Re1 Nc4 66. b3 Nb2 67. Reg1 Nd3 68. Rxg6 Nxf4+ 69. Kg4 Nxg6 70.
Kg5 Rc6 71. h5 Ne5 72. h6 Nf7+ 73. Kf4 Rxh6 74. Rg7 Rf6+ 75. Ke3 Rf3+ 76. Ke2 Ne5 77. Rc7+ Kd6 78. Ra7 Rxc3 79. Rxa5 Nd3 80. Rxb5 d4 81. f4 Rc2+ 82. Kd1 Rxa2 83. f5 e3 0-1

[Event "*** Titled Tuesday Blitz"]
[Site "Chess.com"]
[Date "2020.04.14"]
[Round "8"]
[White "GMaka"]
[Black "PIwan"]
[Result "1-0"]
[WhiteElo "2309"]
[BlackElo "2543"]
[TimeControl "180+1"]
[EndTime "11:32:35 PDT"]
[Termination "GMaka won by checkmate"]

1. Nf3 d5 2. b3 Bg4 3. Bb2 Bxf3 4. exf3 Nd7 5. f4 Ngf6 6. g3 g6 7. Bg2 c6 8. O-O Bg7 9. d3 O-O 10. Nd2 a5 11. a4 Re8 12. Re1 Nh5 13. Bxg7 Nxg7 14. Nf3 Nf5 15. g4 Nd6 16. Qd2 Nc5 17.
Qe3 Na6 18. h4 Nb4 19. Qd2 Qc8 20. Nh2 Qd7 21. Bh3 d4 22. Bg2 f6 23. Bf3 Nf7 24.
Kg2 Nd5 25. Nf1 Qd6 26. Bxd5 Qxd5+ 27. f3 e5 28. Ng3 Re7 29. f5 Kg7 30. h5 g5 31. h6+ Nxh6 32. Rh1 Ng8 33. Nh5+ Kf7 34. Rae1 h6 35. Ng3 b5 36. Ra1 Qc5 37. Ne4 Qb4 38.
axb5 Qxd2+ 39. Nxd2 cxb5 40. Ra2 Rea7 41. Rha1 Ne7 42.
Ne4 Ra6 43. Nc5 Rc6 44. Ne4 Nd5 45. Rxa5 Rxa5 46. Rxa5 Rxc2+ 47. Kg1 Ne3 48. Ra7+ Kf8 49. Nxf6 Rg2+ 50. Kh1 Rf2 51. Nh7+ Ke8 52. Nf6+ Kd8 53. Ne4 Rxf3 54. f6 Nxg4 55. f7 Nf2+ 56. Kg2 Rxf7 57. Rxf7 Nxd3 58. Rb7 Nf4+ 59. Kf3 h5 60. Nxg5 d3 61.
Ne4 h4 62. Rxb5 Ne6 63. Rxe5 Nd4+ 64. Kg4 Nxb3 65. Rd5+ Kc7 66. Rxd3 Nc1 67. Rc3+ Kd7 68. Rxc1 Ke6 69. Rh1 Ke5 70. Rxh4 Kxe4 71. Kg5+ Ke3 72. Rf4 Kd3 73. Kg4 Ke3 74. Kf5 Kd3 75. Ke5 Ke3 76.
Rh4 Kd3 77. Ra4 Ke3 78. Ra3+ Ke2 79. Ke4 Kd2 80. Ra2+ Kc3 81. Ra4 Kb3 82. Rd4 Kc3 83. Ke3 Kb3 84. Kd3 Kb2 85. Rc4 Kb3 86. Rc8 Kb4 87.
Rc3 Kb5 88. Kd4 Kb4 89. Rc4+ Kb5 90. Kd5 Kb6 91. Rc5 Kb7 92. Kd6 Kb6 93. Rd5 Kb7 94. Rc5 Kb6 95. Kd5 Kb7 96. Rc6 Kb8 97. Kd6 Kb7 98.
Kd7 Ka8 99. Kc7 Ka7 100. Rd6 Ka8 101. Ra6# 1-0